Map: Simulacrum LE

Players

ViBE - Winner!

  • Race: Terran Terran
  • League: Silver
  • Spawn Location: 11:00

Krystalak

  • Race: Zerg Zerg
  • League: Gold
  • Spawn Location: 5:00

VOD

Have the link to the VOD?

Description

Time

  • Played on: Dec. 6, 2019, 4:48 p.m.
  • Length: 19:21
Show
View Real Time Build Order
Export as new Build Order

ViBE Terran - Winner!

Build Orders: 2 Factory 

Get SALT Encoding   

  12  0:00  SCV  
  13  0:13  SCV  
  14  0:18  Supply Depot  
  14  0:25  SCV  
  15  0:40  SCV  
  16  0:43  Barracks  
  16  0:50  Refinery  
  16  0:52  SCV  
  17  1:05  SCV  
  18  1:18  SCV  
  19  1:30  Orbital Command  
  19  1:43  Command Center  
  19  1:56  Factory  
  19  2:04  SCV  
  20  2:11  Supply Depot  
  20  2:16  SCV  
  20  2:17  Barracks Reactor  
  21  2:28  SCV  
  22  2:41  SCV  
  23  2:49  Factory  
  23  2:53  SCV, Refinery  
  24  3:01  Hellion  
  24  3:02  Hellion  
  24  3:03  Orbital Command  
  24  3:04  Barracks Tech Lab  
  24  3:05  SCV  
  29  3:17  SCV  
  30  3:29  Hellion x2, SCV  
  30  3:31  SCV  
  36  3:41  SCV  
  36  3:43  SCV  
  36  3:44  Siege Tank  
  41  3:50  Supply Depot  
  41  3:53  SCV  
  41  3:55  SCV  
  43  4:01  Hellion  
  45  4:05  SCV  
  45  4:09  SCV  
  49  4:10  Hellion  
  49  4:14  Supply Depot  
  49  4:16  Siege Tank  
  52  4:17  SCV  
  53  4:36  Hellion x2, SCV, Supply Depot  
  53  4:37  SCV  
  59  4:42  Command Center  
  59  4:48  Siege Tank  
  62  4:54  Armory  
  62  5:01  SCV x2, Supply Depot  
  62  5:05  Refinery x2  
  64  5:08  Engineering Bay  
  64  5:13  SCV x2  
  66  5:23  Siege Tank  
  66  5:25  SCV x2  
  66  5:27  Hellion x2  
  75  5:33  Supply Depot x2  
  75  5:34  Supply Depot  
  75  5:37  SCV x2  
  77  5:47  Missile Turret  
  77  5:49  Missile Turret  
  77  5:55  Thor  
  77  5:56  Hellion x2  
  87  5:59  Terran Vehicle Weapons Level 1  
  87  6:05  Armory  
  87  6:09  SCV x2  
  89  6:15  Supply Depot  
  90  6:19  Orbital Command  
  90  6:21  SCV  
  90  6:33  Command Center  
  90  6:35  SCV  
  90  6:36  SCV  
  92  6:40  Thor  
  98  6:48  SCV x2  
  98  6:49  Hellion x2  
  98  6:52  Terran Vehicle And Ship Armor Level 1, Orbital Command  
  104  6:56  Supply Depot  
  104  6:59  Supply Depot  
  104  7:13  SCV x2  
  106  7:20  SCV  
  107  7:25  SCV  
  109  7:32  SCV  
  109  7:35  Missile Turret  
  111  7:37  SCV  
  111  7:39  Hellion, Thor  
  111  7:40  Hellion  
  121  7:44  SCV  
  121  7:46  SCV  
  121  7:47  Command Center  
  121  7:49  SCV  
  123  7:52  Refinery  
  123  7:54  Refinery  
  123  7:57  SCV  
  124  7:58  SCV  
  124  8:00  Planetary Fortress  
  124  8:03  SCV  
  126  8:09  SCV  
  126  8:10  SCV, Missile Turret  
  128  8:14  Hellion x2, Terran Vehicle Weapons Level 2  
  132  8:21  Thor  
  132  8:22  Factory x2  
  132  8:23  Factory  
  132  8:26  Factory  
  138  8:30  SCV x3, Supply Depot  
  138  8:31  Supply Depot  
  141  8:37  SCV  
  142  8:42  SCV x3  
  145  8:49  Hellion x2  
  145  8:50  SCV  
  145  8:53  Terran Vehicle And Ship Armor Level 2  
  145  8:54  SCV x3  
  153  8:58  Smart Servos  
  153  9:02  Neosteel Armor  
  153  9:06  Command Center  
  153  9:10  Factory Reactor  
  153  9:11  Factory Tech Lab x2  
  153  9:12  Factory Tech Lab  
  153  9:24  Thor  
  153  9:25  Hellion x2  
  163  9:31  SCV, Refinery  
  163  9:32  SCV x3, Refinery  
  163  9:37  Thor x2  
  179  9:44  SCV  
  179  9:45  Planetary Fortress  
  180  9:55  Thor  
  180  9:56  Hellion x4, Missile Turret  
  194  10:17  Infernal Pre-Igniter  
  194  10:18  Thor  
  200  10:22  Command Center  
  200  10:34  Sensor Tower  
  200  10:38  Sensor Tower  
  200  10:42  Hi-Sec Auto Tracking  
  173  11:09  Command Center  
  173  11:10  Sensor Tower  
  173  11:13  SCV  
  173  11:16  Thor x2  
  173  11:17  Thor x2  
  173  11:18  Hellion  
  194  11:19  Hellion  
  194  11:20  Hellion, Terran Vehicle Weapons Level 3  
  194  11:25  Hellion  
  192  11:26  Terran Vehicle And Ship Armor Level 3  
  192  11:50  Refinery  
  192  11:59  Planetary Fortress, Refinery  
  192  12:05  Factory  
  192  12:07  Factory  
  192  12:09  Factory  
  192  12:10  Factory x2  
  161  12:22  Command Center  
  161  12:25  Missile Turret  
  154  12:37  Thor  
  154  12:38  Thor x2  
  154  12:39  Hellion  
  154  12:40  Hellion x3  
  154  12:41  Thor  
  152  12:52  Factory Reactor x2  
  152  12:54  Factory Tech Lab x3  
  146  12:59  Refinery  
  146  13:00  Refinery  
  146  13:11  Planetary Fortress  
  146  13:28  Planetary Fortress  
  146  13:38  Thor  
  146  13:39  Thor x4  
  146  13:40  Hellion x5  
  189  13:41  Hellion x4, Refinery  
  189  13:43  Hellion, Missile Turret  
  189  13:47  Refinery  
  191  14:01  Orbital Command  
  183  14:03  Command Center  
  183  14:09  Command Center  
  183  14:13  Missile Turret  
  183  14:15  Sensor Tower  
  177  14:29  Thor x3  
  199  14:31  Hellion x2  
  199  14:34  SCV  
  200  14:49  Refinery  
  200  15:15  Orbital Command  
  200  15:17  Command Center  
  184  15:44  Factory x3  
  184  15:45  Factory  
  184  15:48  Factory  
  184  15:53  Factory x2  
  142  16:15  Thor x3  
  142  16:16  Thor x3  
  142  16:17  Thor  
  182  16:18  Hellion  
  182  16:19  Hellion x7  
  176  16:40  Hellion  
  176  16:44  Factory Reactor x2  
  176  16:45  Factory Tech Lab x5  
  176  16:51  Planetary Fortress  
  176  16:55  Orbital Command  
  176  16:58  Thor  
  176  17:01  Command Center  
  182  17:06  Thor  
  182  17:07  Thor x2  
  200  18:41  Orbital Command  
  200  18:42  Command Center  
Show
View Real Time Build Order
Export as new Build Order

Krystalak Zerg 

Build Orders: Hatch First, Roach Hydra 

Get SALT Encoding   

  12  0:19  Drone x2  
  14  0:22  Overlord  
  14  0:41  Drone  
  15  0:44  Drone  
  16  0:59  Drone  
  16  1:02  Drone  
  18  1:05  Hatchery  
  17  1:14  Drone  
  18  1:19  Spawning Pool  
  18  1:25  Drone  
  18  1:29  Extractor  
  17  1:39  Drone  
  18  1:49  Drone  
  19  2:04  Drone  
  20  2:10  Drone  
  21  2:17  Queen, Overlord  
  21  2:19  Overlord  
  23  2:33  Drone x2  
  25  2:39  Drone x2, Queen  
  29  2:59  Zergling x4  
  29  3:04  Metabolic Boost  
  31  3:05  Drone x2  
  33  3:13  Lair  
  33  3:16  Drone  
  33  3:17  Drone  
  35  3:20  Queen  
  37  3:28  Drone x5  
  42  3:40  Drone x2  
  44  3:53  Overlord x2  
  44  3:54  Overlord  
  44  4:00  Spine Crawler  
  42  4:03  Drone  
  42  4:04  Roach Warren  
  42  4:10  Zergling x2  
  42  4:11  Zergling x10  
  48  4:18  Overseer  
  48  4:22  Drone x2  
  50  4:27  Drone  
  50  4:30  Extractor  
  50  4:46  Drone x6  
  56  4:53  Infestation Pit  
  55  5:20  Drone x5  
  55  5:21  Drone x6  
  66  5:25  Extractor  
  65  5:36  Hatchery  
  64  5:47  Roach x2  
  68  5:51  Hydralisk Den, Drone  
  68  5:52  Overlord  
  70  6:18  Roach  
  70  6:19  Roach x3  
  70  6:21  Overlord x3  
  76  6:34  Glial Reconstitution  
  76  6:39  Evolution Chamber  
  75  6:40  Evolution Chamber  
  74  6:48  Overseer  
  74  7:04  Drone x7  
  74  7:05  Drone x2  
  83  7:09  Queen  
  83  7:13  Zerg Missile Weapons Level 1, Zerg Ground Armor Level 1  
  85  7:32  Roach x2  
  85  7:33  Extractor x2, Roach x4  
  85  7:35  Muscular Augments  
  95  7:41  Drone x2, Extractor  
  95  7:43  Hive  
  96  8:04  Roach  
  98  8:12  Overlord  
  98  8:13  Overlord x4  
  98  8:25  Overseer x2  
  98  8:32  Roach  
  98  8:33  Roach x10  
  120  8:38  Drone x4  
  116  8:53  Zergling x2  
  113  8:56  Hydralisk x5, Roach  
  125  9:03  Overlord  
  125  9:12  Hydralisk, Grooved Spines, Ultralisk Cavern  
  125  9:13  Hydralisk x5  
  125  9:15  Zerg Ground Armor Level 2  
  125  9:16  Zerg Missile Weapons Level 2  
  136  9:35  Spire  
  135  9:49  Hydralisk  
  135  9:50  Hydralisk x4  
  145  10:15  Pneumatized Carapace  
  145  10:16  Overlord x3  
  145  10:17  Overlord x3  
  117  11:07  Hydralisk  
  117  11:08  Hydralisk x7  
  117  11:09  Hydralisk x6, Ultralisk x3  
  162  11:35  Anabolic Synthesis  
  162  11:38  Hatchery  
  161  11:40  Drone x2  
  161  11:41  Drone  
  164  11:48  Ultralisk, Zergling x2  
  164  11:49  Zergling x12  
  177  11:54  Hatchery  
  163  12:18  Chitinous Plating  
  163  12:22  Hydralisk, Roach x2  
  154  12:23  Hydralisk x5, Roach x4  
  142  12:44  Hydralisk x6  
  120  12:52  Queen  
  120  12:59  Greater Spire  
  120  13:02  Spire  
  119  13:14  Zerg Ground Armor Level 3, Spine Crawler  
  119  13:15  Spore Crawler  
  119  13:17  Hatchery  
  116  13:25  Burrow  
  116  13:28  Queen  
  116  13:33  Hatchery  
  115  13:39  Hydralisk  
  115  13:41  Ultralisk x2  
  113  14:09  Roach  
  116  14:10  Roach x9  
  116  14:11  Roach x3  
  116  14:16  Roach x3  
  116  14:17  Roach x3  
  149  14:28  Zerg Missile Weapons Level 3  
  149  14:31  Queen  
  151  14:49  Ravager x6  
  151  14:51  Zergling x2  
  151  14:52  Zergling x22  
  169  14:53  Zergling x10  
  174  15:15  Hatchery  
  173  15:23  Corruptor x5  
  137  15:51  Roach x5  
  137  15:52  Roach x7  
  145  16:11  Brood Lord x3  
  133  16:20  Zergling x2  
  133  16:21  Zergling x14  
  74  16:38  Ultralisk  
  74  16:39  Zergling x2  
  72  16:40  Zergling x4  
  44  17:02  Zergling x6  
  44  17:03  Zergling x6  
  46  17:19  Drone x18  
  28  17:37  Corruptor x4  
  28  17:40  Zergling x4  
  38  17:45  Drone x16  
  38  18:05  Zergling x2  
  39  18:06  Zergling x6  
  39  18:07  Zergling x2  
  39  18:08  Zergling x2  
  39  18:12  Brood Lord  
Tags
 
Add a new tag
Caveats
  • Supply blocks, unpowered buildings, or Contaminate may cause inaccurate times.
  • Supply counts are checked every 10 seconds.